 Dungeon Crawl Stone Soup version 0.29.1-13-g9f3cf754e1 (webtiles) character file.

Game seed: 8764973862177384728

10719 cdecastro the Cleaver (level 11, 0/99 HPs)
             Began as a Hill Orc Fighter on Feb 7, 2023.
             Was an Initiate of Gozag.
             Slain by a minotaur
             ... wielding a +1 antimagic mace
              (21 damage)
             ... in a Gauntlet.
             The game lasted 00:26:04 (11662 turns).

cdecastro the Cleaver (Hill Orc Fighter)           Turns: 11662, Time: 00:26:05

Health: 0/99       AC: 23    Str: 33    XL:     11   Next: 66%
Magic:  8/11       EV:  8    Int: 10    God:    Gozag
Gold:   1875       SH:  0    Dex: 14    Spells: 10/10 levels left

rFire   + . .      SeeInvis +   y - +9 shortbow of Pride {speed, Fragile rElec Int+2 Dex+4}
rCold   + . .      Faith    .   (shield currently unavailable)
rNeg    . . .      Spirit   .   S - +0 plate armour {rF+}
rPois   .          Reflect  .   a - +1 helmet {SInv}
rElec   +          Harm     .   P - +2 cloak
rCorr   .          Rampage  .   N - +2 pair of gloves {Str+3}
Will    .....      NoTele   +   (no boots)
Stlth   ..........              u - amulet of regeneration
HPRegen 1.06/turn               r - +6 ring of strength
MPRegen 0.12/turn               H - ring of protection from cold

@: mighty, invisible
A: no striking features
a: Renounce Religion, Potion Petition, Call Merchant, Bribe Branch


You were in a Gauntlet.
You worshipped Gozag.
Gozag was most pleased with you.
You visited 2 branches of the dungeon, and saw 12 of its levels.
You also visited: Sewer, Ossuary and Gauntlet.

You collected 2822 gold pieces.
You spent 860 gold pieces at shops.
You paid 87 gold pieces to Gozag.

Inventory:

Hand Weapons
 y - the +9 shortbow of Pride (weapon) {speed, Fragile rElec Int+2 Dex+4}
   (You found it on level 4 of the Dungeon)

   Attacks with this weapon are significantly faster.
   Int:       It affects your intelligence (+2).
   Dex:       It affects your dexterity (+4).
   rElec:     It insulates you from electricity.
   Fragile:   It will be destroyed if unequipped.
Missiles
 o - 34 poisoned darts
 t - 21 boomerangs
 E - 6 atropa-tipped darts
 V - a curare-tipped dart
Armour
 a - a +1 helmet of see invisible (worn)
 c - a +0 buckler
 v - the +1 hat of Fedhas's Envy {rElec rF+ rC+ Int-4}
   (You found it in a Gauntlet)

   Int:       It affects your intelligence (-4).
   rF:        It protects you from fire.
   rC:        It protects you from cold.
   rElec:     It insulates you from electricity.
 N - a +2 pair of gloves of strength (worn)
 O - a +0 cloak of willpower
 P - a +2 cloak (worn)
 S - a +0 plate armour of fire resistance (worn)
Jewellery
 h - a ring of wizardry
 r - a +6 ring of strength (left hand)
 u - an amulet of regeneration (around neck)
 F - an amulet of reflection
 H - a ring of protection from cold (right hand)
 J - a +6 ring of intelligence
 Y - a ring of willpower
Wands
 q - a wand of paralysis (15)
 K - a wand of flame (34)
 X - a wand of iceblast (7)
Scrolls
 f - 3 scrolls of blinking {unknown}
 g - 4 scrolls of magic mapping {unknown}
 k - 5 scrolls of enchant armour
 n - 4 scrolls of fear
 p - 5 scrolls of teleportation {unknown}
 s - 2 scrolls of noise {unknown}
 A - 4 scrolls of amnesia
 B - 2 scrolls of torment
 C - 3 scrolls of brand weapon
 D - 2 scrolls of immolation
 L - a scroll of enchant weapon {unknown}
 M - a scroll of poison {unknown}
 Q - 2 scrolls of vulnerability {unknown}
 R - 2 scrolls of fog {unknown}
 T - a scroll of silence
Potions
 d - 6 potions of might
 e - 3 potions of cancellation
 i - 2 potions of attraction
 l - 7 potions of curing
 m - 3 potions of lignification
 x - 3 potions of flight
 G - a potion of berserk rage
 I - 3 potions of brilliance
 W - a potion of resistance {unknown}
Miscellaneous
 b - a lightning rod (4/4)
 Z - a box of beasts


   Skills:
 + Level 9.9 Fighting
 - Level 12.1 Axes
 - Level 10.0 Ranged Weapons
 - Level 10.0 Armour
 - Level 3.2 Shields


You had 10 spell levels left.
You didn't know any spells.
Your spell library contained the following spells:

 Spells                   Type           Power      Damage    Failure   Level
 Apportation              Tloc           0%         N/A       93%         1
 Beastly Appendage        Tmut           0%         N/A       93%         1
 Necrotise                Necr           0%         1d4       93%         1
 Summon Small Mammal      Summ           0%         N/A       93%         1
 Blink                    Tloc           0%         N/A       98%         2
 Wereblood                Tmut           0%         N/A       98%         2
 Inner Flame              Hex/Fire       0%         N/A       100%        3
 Lesser Beckoning         Tloc           0%         N/A       100%        3
 Ozocubu's Armour         Ice            0%         N/A       100%        3
 Spider Form              Tmut/Pois      0%         N/A       100%        3
 Stone Arrow              Conj/Erth      0%         3d7       100%        3
 Animate Armour           Summ/Erth      0%         N/A       100%        4
 Cause Fear               Hex            0%         N/A       100%        4
 Manifold Assault         Tloc           0%         N/A       100%        5
 Metabolic Englaciation   Hex/Ice        0%         N/A       100%        5
 Discord                  Hex            0%         N/A       100%        8
 Lehudib's Crystal Spear  Conj/Erth      0%         10d2      100%        8
 Simulacrum               Ice/Necr       Unusable   N/A       N/A         6

Dungeon Overview and Level Annotations

Branches:
Dungeon (11/15)            Temple (1/1) D:7            Lair (0/5) D:9
  Sewer (visited)         Ossuary (visited)         Gauntlet (1/1)
    Orc: D:9-12

Altars:
Ashenzari
Cheibriados
Dithmenos
Elyvilon
Fedhas
Gozag
Hepliaklqana
Kikubaaqudgha
Makhleb
Nemelex Xobeh
Okawaru
Qazlal
Ru
Sif Muna
Trog
Uskayaw
Vehumet
Wu Jian
Xom
Yredelemnul
Zin
The Shining One
Lugonu

Shops:
D:4 ?   D:6 [   D:9 [

Annotations:
D:2 1 runed translucent door, Crazy Yiuf
D:5 3 runed translucent doors, Thatpatchoflichen's ghost, novice DsHu
D:8 1 runed translucent door, SirLogeyBear's ghost, novice HOBe Gauntlet 6 transporters, exclusions: ice statue and obsidian statue


Message History

Unknown command.
Fire: y) +9 shortbow of Pride {speed, Fragile rElec Int+2 Dex+4}
Press: ? - help, Q - select action, (/) - cycle Shift-Dir - straight line, f/p - minotaur
Aim: a minotaur, wielding a +1 antimagic mace, wearing a +0 plate armour and quivering silver javelins (heavily wounded, unable to see you, 83% to hit)
You shoot an arrow. The arrow hits the minotaur!
The minotaur is heavily wounded.
Fire: y) +9 shortbow of Pride {speed, Fragile rElec Int+2 Dex+4}
Press: ? - help, Q - select action, (/) - cycle Shift-Dir - straight line, f/p - minotaur
Aim: a minotaur, wielding a +1 antimagic mace, wearing a +0 plate armour and quivering silver javelins (heavily wounded, unable to see you, 83% to hit)
You shoot an arrow. The arrow hits the minotaur.
The minotaur is heavily wounded.
The minotaur hits you but does no damage.
The minotaur gores you but does no damage.
Fire: y) +9 shortbow of Pride {speed, Fragile rElec Int+2 Dex+4}
Press: ? - help, Q - select action, (/) - cycle Shift-Dir - straight line, f/p - minotaur
Aim: a minotaur, wielding a +1 antimagic mace, wearing a +0 plate armour and quivering silver javelins (heavily wounded, unable to see you, 83% to hit)
You shoot an arrow. The arrow hits the minotaur!
The minotaur is severely wounded.
The minotaur hits you with a +1 antimagic mace.
* * * LOW HITPOINT WARNING * * *
You feel your power leaking away. The minotaur gores you!
* * * LOW HITPOINT WARNING * * *
Fire: y) +9 shortbow of Pride {speed, Fragile rElec Int+2 Dex+4}
Press: ? - help, Q - select action, (/) - cycle Shift-Dir - straight line, f/p - minotaur
Aim: a minotaur, wielding a +1 antimagic mace, wearing a +0 plate armour and quivering silver javelins (severely wounded, unable to see you, 83% to hit)
You shoot an arrow.
The arrow hits the minotaur but does no damage.
The minotaur is severely wounded.
The minotaur hits you but does no damage.
The minotaur gores you.
* * * LOW HITPOINT WARNING * * *
Fire: y) +9 shortbow of Pride {speed, Fragile rElec Int+2 Dex+4}
Press: ? - help, Q - select action, (/) - cycle Shift-Dir - straight line, f/p - minotaur
Aim: a minotaur, wielding a +1 antimagic mace, wearing a +0 plate armour and quivering silver javelins (severely wounded, unable to see you, 83% to hit)
You shoot an arrow. The arrow hits the minotaur.
The minotaur is severely wounded.
The minotaur hits you with a +1 antimagic mace!!
You die...
Your body crumbles into a pile of gold.

### .. #∩# .#
#.##.# . #.#..
#. #.#.#
.##.###H#.##.###
.......@.......#
##.##.##.##.##.
###.##.##.##.##.
...............#
#.##.##.##.##.##
##.##.##.##.##.#
#...............
#...............
#####......#####


You could see a minotaur (unable to see you).

Vanquished Creatures
  A two-headed ogre (D:11)
  2 cyclopes (D:11)
  A gargoyle (D:11)
  A komodo dragon (D:9)
  A troll (D:10)
  A hornet (D:10)
  3 centaur simulacra (Gauntlet)
  A vampire (D:10)
  A wraith (Ossuary)
  A yak (D:9)
  A shadow (D:10)
  3 wyverns
  2 fire bats (Gauntlet)
  2 acid dragons (D:10)
  2 hell hounds (Gauntlet)
  5 water moccasins
  A meliai simulacrum (Gauntlet)
  5 black bears
  2 sky beasts
  2 orc warriors
  A centaur (D:8)
  7 ogres
  3 phantoms
  An elf zombie (Ossuary)
  6 bullfrogs
  3 kobold brigands
  4 necrophages
  A cane toad simulacrum (Gauntlet)
  6 scorpions
  6 wights
  13 killer bees
  3 howler monkeys
  2 jellies
  11 orc priests
  4 hounds
  2 gnoll boudas
  5 iguanas
  11 orc wizards
  A hell rat (Sewer)
  3 mummies (Ossuary)
  25 gnolls
  2 river rats (Sewer)
  13 adders
  A shadow imp (D:8)
  3 ufetubi (D:5)
  2 worms
  6 dart slugs
  61 orcs
  10 ball pythons
  8 bats
  9 endoplasms
  5 giant cockroaches
  7 goblins
  5 hobgoblins
  15 jackals
  9 quokkas
  5 goblin zombies (Ossuary)
  A hobgoblin zombie (Ossuary)
  18 kobolds
  3 kobold zombies (Ossuary)
  15 rats
354 creatures vanquished.

Vanquished Creatures (others)
  11 fungi
  31 plants
42 creatures vanquished.

Grand Total: 396 creatures vanquished

Notes
Turn   | Place    | Note
-------+----------+-------------------------------------------
     0 | D:1      | cdecastro the Hill Orc Fighter began the quest for the Orb.
     0 | D:1      | Reached XP level 1. HP: 19/19 MP: 1/1
    51 | D:1      | Reached skill level 3 in Axes
    80 | D:1      | Reached XP level 2. HP: 24/26 MP: 2/2
   241 | D:1      | Reached skill level 4 in Axes
   400 | D:1      | Reached XP level 3. HP: 20/31 MP: 3/3
   755 | D:2      | Reached skill level 5 in Axes
   858 | D:2      | Reached XP level 4. HP: 35/39 MP: 4/4
  1168 | D:2      | Found a faded altar of an unknown god.
  1256 | D:2      | Reached skill level 6 in Axes
  1446 | D:2      | Found a runed translucent door.
  1447 | D:2      | Noticed Crazy Yiuf
  1625 | D:3      | Found an opulent altar of Gozag.
  1673 | D:3      | Became a worshipper of Gozag Ym Sagoz the Greedy
  1688 | D:3      | Reached XP level 5. HP: 45/45 MP: 5/5
  1745 | D:3      | Reached skill level 7 in Axes
  2030 | D:3      | Reached skill level 8 in Axes
  2030 | D:3      | Reached XP level 6. HP: 36/51 MP: 6/6
  2428 | D:3      | Reached skill level 9 in Axes
  2487 | D:3      | Reached XP level 7. HP: 42/57 MP: 7/7
  2809 | D:3      | Reached skill level 10 in Axes
  4136 | D:3      | Reached skill level 11 in Axes
  4633 | D:3      | Reached XP level 8. HP: 59/64 MP: 8/8
  4822 | D:4      | Found a glowing drain.
  4826 | D:4      | Identified the +9 shortbow of Pride {speed, Fragile rElec
                  | Int+2 Dex+4}
  4829 | D:4      | Reached skill level 12 in Axes
  4864 | Sewer    | Entered a sewer
  4942 | Sewer    | Reached skill level 1 in Ranged Weapons
  5081 | D:4      | Found Fukib's Magic Scroll Boutique.
  5084 | D:4      | Bought a scroll of amnesia for 40 gold pieces
  5084 | D:4      | Bought a scroll of torment for 95 gold pieces
  5084 | D:4      | Bought a scroll of enchant armour for 75 gold pieces
  5084 | D:4      | Bought a scroll of brand weapon for 95 gold pieces
  5084 | D:4      | Bought a scroll of immolation for 40 gold pieces
  5084 | D:4      | Bought a scroll of identify for 20 gold pieces
  5249 | D:4      | Found a burning altar of Makhleb.
  5321 | D:5      | Entered Level 5 of the Dungeon
  5366 | D:5      | Found a sand-covered staircase.
  5370 | Ossuary  | Entered an ossuary
  5370 | Ossuary  | Noticed a wraith
  5370 | Ossuary  | Noticed a wraith
  5370 | Ossuary  | Noticed a wraith
  5788 | Ossuary  | Noticed a wraith
  5798 | Ossuary  | Killed a wraith
  5886 | D:5      | Reached skill level 5 in Ranged Weapons
  5926 | D:5      | You fall into a shaft and drop 2 floors!
  5951 | D:7      | Reached XP level 9. HP: 66/70 MP: 9/9
  5956 | D:7      | Reached skill level 5 in Armour
  6132 | D:7      | Found a staircase to the Ecumenical Temple.
  6154 | Temple   | Entered the Ecumenical Temple
  6594 | D:5      | Found a radiant altar of Vehumet.
  6596 | D:5      | Found a glowing golden altar of the Shining One.
  6596 | D:5      | Found a hide-covered altar of Uskayaw.
  6599 | D:5      | Found a snail-covered altar of Cheibriados.
  6599 | D:5      | Found a blossoming altar of Fedhas.
  6624 | D:5      | Found a runed translucent gate.
  6624 | D:5      | Found a runed translucent gate.
  6624 | D:5      | Found a runed translucent gate.
  6632 | D:5      | Noticed Thatpatchoflichen's ghost (novice DsHu)
  6899 | D:6      | Found Plog's Antique Armour Shop.
  6932 | D:6      | Bought a pair of glowing gloves for 165 gold pieces
  6932 | D:6      | Bought a glowing cloak for 165 gold pieces
  6932 | D:6      | Bought a runed cloak for 165 gold pieces
  6941 | D:6      | Reached skill level 10 in Armour
  6945 | D:6      | Reached XP level 10. HP: 73/77 MP: 10/10
  7114 | D:6      | Found a glowing silver altar of Zin.
  7322 | D:6      | Found a bloodstained altar of Trog.
  7680 | D:7      | Found an ancient bone altar of Kikubaaqudgha.
  7877 | D:7      | Identified the +7 spear of the Hierophant {elec, Fly SInv}
  8151 | D:8      | Found an ornate altar of the Wu Jian Council.
  8897 | D:8      | Found a runed translucent door.
  8900 | D:8      | Identified the +5 trident "Laexyun" {elec, Drain Str+4
                  | Int+4}
  8900 | D:8      | Noticed SirLogeyBear's ghost (novice HOBe)
  9462 | D:9      | Found Xocaroef's Armour Emporium.
  9612 | D:9      | Found a staircase to the Lair.
  9750 | D:9      | Reached XP level 11. HP: 34/82 MP: 11/11
 10046 | D:9      | Reached skill level 10 in Ranged Weapons
 10110 | D:10     | Entered Level 10 of the Dungeon
 10230 | D:10     | Reached skill level 5 in Fighting
 10367 | D:10     | Found a sacrificial altar of Ru.
 10538 | D:10     | Found a shadowy altar of Dithmenos.
 10915 | D:10     | Identified the +0 leather armour of Altruism {rN+ Dex+4}
 10990 | D:11     | Noticed a cyclops
 11001 | D:11     | Killed a cyclops
 11008 | D:11     | Noticed a two-headed ogre
 11019 | D:11     | Killed a two-headed ogre
 11031 | D:11     | Noticed a boulder beetle
 11089 | D:11     | Noticed a cyclops
 11104 | D:11     | Killed a cyclops
 11201 | D:11     | Found a gate leading to a gauntlet.
 11225 | Gauntlet | Entered a Gauntlet
 11225 | Gauntlet | Found a transporter.
 11225 | Gauntlet | Found a transporter.
 11240 | Gauntlet | Found a transporter.
 11240 | Gauntlet | Found a transporter.
 11244 | Gauntlet | Found a runed translucent door.
 11244 | Gauntlet | Found a runed translucent door.
 11248 | Gauntlet | Found a transporter.
 11248 | Gauntlet | Noticed a catoblepas
 11251 | Gauntlet | Found a transporter.
 11258 | Gauntlet | Noticed a hell hog
 11259 | Gauntlet | Found a transporter.
 11277 | Gauntlet | Found a transporter.
 11277 | Gauntlet | Noticed an obsidian statue
 11294 | Gauntlet | Found a transporter.
 11297 | Gauntlet | Found a transporter.
 11299 | Gauntlet | Noticed a death scarab
 11307 | Gauntlet | Found a transporter.
 11320 | Gauntlet | Found a transporter.
 11544 | Gauntlet | Identified the +1 hat of Fedhas's Envy {rElec rF+ rC+
                  | Int-4}
 11568 | Gauntlet | HP: 3/97 [hell hound/blast of flame (7)]
 11646 | Gauntlet | Noticed a minotaur
 11652 | Gauntlet | HP: 4/99 [minotaur/arrow (14)]
 11662 | Gauntlet | Slain by a minotaur

Illustrated notes

Levels and vault maps discovered:
D:1:      shiori_shiawase, layout_rooms
D:2:      layout_basic, ebering_ecumenical_altar_webs, minmay_tripent,
          uniq_crazy_yiuf_cottage
D:3:      lemuel_castle_with_subvaults [lemuel_castle_interior_original],
          layout_rooms, lemuel_crystal_altar
D:4:      layout_rooms, kennysheep_mini, cheibrodos_sewer_entry_drain,
          serial_shops, kennysheep_mini_moat, serial_park_tiny_pond
D:5:      layout_basic, grunt_temple_overflow_open, enter_ossuary_5,
          gammafunk_ghost_necromancy, minmay_pentangle
D:6:      layout_rooms, mainiacjoe_overflow_24_doors,
          mainiacjoe_overflow_surrounded_room, serial_shops, shop,
          minmay_checkerbox
D:7:      layout_loops_ring, mainiacjoe_overflow_cross_hatched,
          minmay_temple_entry_hall
D:8:      layout_layer_cave, lemuel_crystal_altar, ebering_ghost_funeral_grove
D:9:      layout_long_grid, due_lair_maze_entry_diamond, serial_shops,
          nicolae_diamond_shop
D:10:     layout_irregular_city, nicolae_ru_great_annihilating_truth,
          lemuel_crystal_altar, kennysheep_big_empty_room,
          chequers_serial_rivers_marsh
D:11:     layout_irregular_city, gauntlet_entry_generic
Temple:   corrupted_temple
Gauntlet: minmay_gauntlet_mixed_big_or_small [gammafunk_gauntlet_arena_crates,
          minmay_gauntlet_arena_77_chump_sandwich,
          nicolae_gauntlet_arena_t_cross, minmay_gauntlet_arena_77_shame_cube,
          nicolae_gauntlet_swirl, minmay_gauntlet_arena_77_terracotta_army,
          gauntlet_exit_green]

Skill      XL: |  1  2  3  4  5  6  7  8  9 10 11 |
---------------+----------------------------------+-----
Axes           | 3 4 5 6 8 9 11 12 | 12.1
Ranged Weapons | 5 9 10 | 10.0
Armour         | 4 10 | 10.0
Fighting       | 9 |  9.9
Shields        | |  3.2

Action                   |  1- 3 |  4- 6 |  7- 9 | 10-12 || total
-------------------------+-------+-------+-------+-------++-------
Melee: War axe           |    83 |   146 |   184 |       ||   413
       Punch             |       |     2 |     6 |       ||     8
 Fire: Shortbow          |       |       |   264 |   506 ||   770
Evoke: Wand              |       |       |       |     1 ||     1
  Use: Scroll            |       |       |     4 |     7 ||    11
       Potion            |       |       |     1 |    10 ||    11
Armor: Scale mail        |    46 |    74 |   107 |    21 ||   248
       Plate armour      |       |       |       |   144 ||   144
       Skin              |       |       |       |    12 ||    12
Dodge: Dodged            |    51 |    82 |   132 |    97 ||   362
Block: Buckler           |     1 |       |       |       ||     1
